 Dungeon Crawl Stone Soup version 0.28.0-62-gf88900778d (webtiles) character file.

Game seed: 12290696945409436999

233 cbfl8 the Chopper (level 5, -2/63 HPs)
             Began as a Demonspawn Berserker on Apr 13, 2024.
             Was a Believer of Trog.
             Slain by an orc
             ... wielding a +0 war axe
              (11 damage)
             ... on level 4 of the Dungeon.
             The game lasted 00:04:03 (5463 turns).

cbfl8 the Chopper (Demonspawn Berserker)            Turns: 5463, Time: 00:04:05

Health: -2/63      AC: -3    Str: 17    XL:     5   Next: 74%
Magic:  5/5        EV:  9    Int: 13    God:    Trog [**....]
Gold:   88         SH:  0    Dex: 21    Spells: 4/4 levels left

rFire   + + .      SeeInvis .   a - +0 hand axe
rCold   x . .      Faith    .   (no shield)
rNeg    . . .      Spirit   .   l - +0 chain mail
rPois   .          Reflect  .   (no helmet)
rElec   .          Harm     .   (no cloak)
rCorr   .          Rampage  .   (no gloves)
Will    .....                   (no boots)
Stlth   ..........              (no amulet)
HPRegen 0.20/turn               d - ring of fire
MPRegen 0.09/turn               j - ring of Ipreumpi {*Corrode rF+ Int+4 Dex+7}

@: berserking, lethally poisoned (-2 -> -11), corroded, very quick
A: demonic guardian 1, ignite blood 2, sturdy frame 1
a: Renounce Religion, Berserk, Trog's Hand


You were on level 4 of the Dungeon.
You worshipped Trog.
Trog was pleased with you.
You visited 1 branch of the dungeon, and saw 4 of its levels.

You collected 88 gold pieces.

Inventory:

Hand Weapons
 a - a +0 hand axe (weapon)
Missiles
 e - a throwing net (quivered)
Armour
 l - a +0 chain mail (worn)
Jewellery
 d - a ring of fire (left hand)
 j - the ring of Ipreumpi (right hand) {*Corrode rF+ Int+4 Dex+7}
   (You took it off a kobold on level 2 of the Dungeon)

   [ring of protection from fire]

   Int:       It affects your intelligence (+4).
   Dex:       It affects your dexterity (+7).
   rF:        It protects you from fire.
   *Corrode:  It may corrode you when you take damage.
 k - a ring of ice
Scrolls
 c - 2 scrolls of teleportation {unknown}
 f - a scroll of amnesia {unknown}
 g - a scroll of identify {unknown}
 h - 2 scrolls of enchant armour {unknown}
 i - a scroll of immolation {unknown}
Potions
 b - a potion of heal wounds {unknown}


   Skills:
 + Level 4.0 Fighting
 + Level 4.4 Axes
 + Level 2.3 Armour
 - Level 1.7 Dodging
 * Level 2.4 Evocations


You had 4 spell levels left.
You didn't know any spells.
Your spell library was empty.

Dungeon Overview and Level Annotations

Branches:
Dungeon (4/15)
 Temple: D:4-7

Altars:
Kikubaaqudgha


Innate Abilities, Weirdness & Mutations

A weak demonic guardian rushes to your aid.
Your demonic aura often causes spilled blood to erupt in flames.
Your movements are slightly less encumbered by armour. (ER -2)


Message History

The orc barely misses you.
Unknown command.
You hit the orc but do no damage.
The orc is heavily wounded.
The orc hits you with a +0 flail.
Unknown command.
You barely miss the orc.
The orc is heavily wounded.
The orc barely misses you.
Unknown command.
A red film seems to cover your vision as you go berserk!
You feel yourself moving faster!
You feel mighty! The orc hits you with a +0 flail.
Your corrosive artefact corrodes you!
The orc priest looks encouraged for a moment.
The orc closely misses you.
You slash the orc!
You kill the orc!
Trog accepts your kill.
You hit the orc but do no damage. The orc hits you with a +0 war axe!
A demonic guardian appears!
Your corrosive artefact corrodes you!
The orc priest hits you with a +0 dagger of venom.
* * * LOW HITPOINT WARNING * * *
You are poisoned.
Things that are here:
a +0 flail; an orc corpse You hit the orc priest.
The orc priest is lightly wounded.
You hit the orc but do no damage.
* * * LOW HITPOINT WARNING * * *
You feel very sick. The orc hits you with a +0 war axe.
* * * LOW HITPOINT WARNING * * *
You hit the orc priest.
The orc priest is moderately wounded.
You hit the orc but do no damage.
* * * LOW HITPOINT WARNING * * *
You feel sick. The orc priest closely misses you.
Your ufetubus hits the orc but does no damage.
Your ufetubus closely misses the orc.
The orc hits you with a +0 war axe!
You die...

... .. ..# ..## #..# ..#
#o## . #@o# .... ..###
#.5## #
....#####.....##...##..#
.....##.........).....#
..........#####...####..
.........# ##..#
.........## #..#
..........## ##.##
...........####..#


You could see an orc priest, an orc (ally target) and a friendly ufetubus
(summoned).

Vanquished Creatures
  A hound (D:3)
  2 orc priests (D:3)
  An orc wizard (D:3)
  3 gnolls (D:3)
  A worm (D:2)
  3 dart slugs
  9 orcs
  5 bats
  8 endoplasms
  A giant cockroach (D:1)
  6 goblins
  7 hobgoblins
  5 jackals
  5 quokkas
  3 ball pythons
  A frilled lizard (D:1)
  4 kobolds
  7 rats
72 creatures vanquished.

Vanquished Creatures (collateral kills)
  A jackal (D:2)
  A bat (D:2)
2 creatures vanquished.

Vanquished Creatures (others)
  A plant (D:2)
1 creature vanquished.

Grand Total: 75 creatures vanquished

Notes
Turn   | Place    | Note
-------+----------+-------------------------------------------
     0 | D:1      | cbfl8 the Demonspawn Berserker began the quest for the Orb.
     0 | D:1      | Reached XP level 1. HP: 18/18 MP: 1/1
   147 | D:1      | Gained mutation: Your movements are slightly less
                  | encumbered by armour. (ER -2) [demonic ancestry]
   147 | D:1      | Reached XP level 2. HP: 9/24 MP: 2/2
  1098 | D:1      | Reached skill level 1 in Evocations
  1566 | D:1      | Gained mutation: A weak demonic guardian rushes to your
                  | aid. [demonic ancestry]
  1566 | D:1      | Reached XP level 3. HP: 10/29 MP: 3/3
  2192 | D:1      | Found a faded altar of an unknown god.
  2346 | D:2      | Found an ancient bone altar of Kikubaaqudgha.
  2972 | D:2      | Reached ** piety under Trog
  3263 | D:2      | Identified the ring of Ipreumpi {*Corrode rF+ Int+4 Dex+7}
  4600 | D:3      | Gained mutation: Your demonic aura sometimes causes spilled
                  | blood to erupt in flames. [demonic ancestry]
  4600 | D:3      | Reached XP level 4. HP: 29/35 MP: 4/4
  4805 | D:3      | Gained mutation: Your demonic aura often causes spilled
                  | blood to erupt in flames. [demonic ancestry]
  4805 | D:3      | Reached XP level 5. HP: 42/42 MP: 5/5
  5463 | D:4      | Slain by an orc

Illustrated notes

Levels and vault maps discovered:
D:1:      psy_arrival_fountain, layout_basic,
          shapermc_ecumenical_altar_mp_urbaneastern
D:2:      layout_loops_ring, basic_altar, serial_forest,
          infiniplex_forest_lined_corner, infiniplex_forest_end_2,
          infiniplex_forest_clump_small, infiniplex_forest_end_3,
          infiniplex_forest_lined_4_way, infiniplex_forest_end_2,
          infiniplex_forest_clump_tiny, minmay_misc_feat_secret_circle
D:3:      layout_rooms, grunt_ministairs_9
D:4:      layout_layer_cave, gammafunk_ghost_mausoleum, uniq_grinder, uniq_pikel

Skill      XL: |  1  2  3  4  5 |
---------------+----------------+-----
Axes           | 3 4 |  4.4
Evocations     | 1 2 |  2.4
Armour         | 2 |  2.3
Fighting       | 4 |  4.0
Dodging        | |  1.7

Action                   |  1- 3 |  4- 6 || total
-------------------------+-------+-------++-------
Melee: Hand axe          |   188 |    52 ||   240
       Punch             |     2 |       ||     2
Invok: Berserk           |       |     4 ||     4
 Stab: Sleeping          |     2 |       ||     2
Armor: Animal skin       |    51 |       ||    51
       Chain mail        |       |    17 ||    17
Dodge: Dodged            |   171 |    30 ||   201
